 Dungeon Crawl Stone Soup version 0.31-a0-369-g8eba5f6939 (webtiles) character file.

Game seed: 15049704821261222804

26 cforsyth the Charlatan (level 3, 0/28 HPs)
             Began as a Gnoll Artificer on July 28, 2023.
             Succumbed to an adder's poison
             ... on level 2 of the Dungeon.
             The game lasted 00:01:10 (834 turns).

cforsyth the Charlatan (Gnoll Artificer)             Turns: 834, Time: 00:01:11

Health: 0/28       AC:  4    Str:  9 (11) XL:     3   Next: 8%
Magic:  3/3        EV: 11    Int:  9 (12) God:
Gold:   69         SH:  0    Dex:  9 (12) Spells: 3/3 levels left

rFire   . . .        a - +0 club
rCold   . . .        (no shield)
rNeg    . . .        b - +0 leather armour
rPois   .            (no helmet)
rElec   .            (no cloak)
rCorr   .            (no gloves)
SInv    .            k - +0 pair of boots
Will    .....        (no amulet)
Stlth   ++           (no ring)
HPRegen 0.24/turn    (no ring)
MPRegen 0.08/turn

%: no passive effects
@: mighty, lethally poisoned (0 -> -1), about to teleport
A: fangs 1, strong nose, distributed training
a: no special abilities


You were on level 2 of the Dungeon.
You visited 1 branch of the dungeon, and saw 2 of its levels.

You collected 69 gold pieces.

Inventory:

Hand Weapons
 a - a +0 club (weapon)
Armour
 b - a +0 leather armour (worn)
 k - a +0 pair of boots (worn)
Jewellery
 h - a +4 ring of protection
Wands
 c - a wand of flame (15) (quivered)
 d - a wand of charming (15)
 e - a wand of iceblast (5)


   Skills:
 + Level 2.5 Fighting
 + Level 0.6 Short Blades
 + Level 0.6 Long Blades
 + Level 0.6 Axes
 + Level 0.6 Maces & Flails
 + Level 0.6 Polearms
 + Level 0.6 Staves
 + Level 0.6 Ranged Weapons
 + Level 0.6 Throwing
 + Level 4.5 Armour
 + Level 2.5 Dodging
 + Level 2.3 Stealth
 + Level 0.6 Shields
 + Level 0.6 Unarmed Combat
 + Level 0.6 Spellcasting
 + Level 0.4 Conjurations
 + Level 0.4 Hexes
 + Level 0.4 Summonings
 + Level 0.4 Necromancy
 + Level 0.4 Translocations
 + Level 0.4 Transmutations
 + Level 0.4 Fire Magic
 + Level 0.4 Ice Magic
 + Level 0.4 Air Magic
 + Level 0.4 Earth Magic
 + Level 0.4 Poison Magic
 + Level 0.8 Invocations
 + Level 6.5 Evocations
 + Level 0.4 Shapeshifting


You had 3 spell levels left.
You didn't know any spells.
Your spell library contained the following spells:

 Spells                   Type           Power      Damage    Failure   Level
 Necrotise                Necr           4%         1d4       41%         1
 Vampiric Draining        Necr           1%         2d6       78%         3
 Agony                    Necr           1%         N/A       100%        5


Dungeon Overview and Level Annotations

Branches:
Dungeon (2/15)

Altars:


Innate Abilities, Weirdness & Mutations

You have very sharp teeth.
Your uncanny sense of smell can sniff out nearby items.
Your experience applies equally to all skills.


Message History

The adder bites you.
You are poisoned.
The adder poisons you!
You are too injured to fight recklessly!
You hit the hobgoblin.
The hobgoblin is heavily wounded.
You feel sick. The hobgoblin hits you. The adder bites you but does no damage.
The hobgoblin hits you but does no damage.
You hit the hobgoblin.
The hobgoblin is heavily wounded.
You feel sick. The adder bites you.
* * * LOW HITPOINT WARNING * * *
You are more poisoned.
The adder poisons you! The adder bites you.
* * * LOW HITPOINT WARNING * * *
The hobgoblin closely misses you.
* * * LOW HITPOINT WARNING * * *
You feel sick.
It was a potion of might.
You feel very mighty all of a sudden.
* * * LOW HITPOINT WARNING * * *
You feel sick. The adder closely misses you. The hobgoblin barely misses you.
The adder misses you.
It was a potion of degeneration.
There was something very wrong with that liquid.
You feel weakened.
You feel dopey.
You feel clumsy.
* * * LOW HITPOINT WARNING * * *
You feel sick. The adder bites you but does no damage.
The hobgoblin closely misses you. The hobgoblin attacks as you move away!
The hobgoblin misses you.
* * * LOW HITPOINT WARNING * * *
You feel sick.
As you read the scroll labelled WYOLUO VAOBYM, it crumbles to dust.
You feel strangely unstable.
It was a scroll of teleportation.
* * * LOW HITPOINT WARNING * * *
You feel sick. The adder misses you.
As you read the scroll labelled NEFYMOLINU, it crumbles to dust.
It is a scroll of identify.
You don't currently have any unidentified items.
You die...

#.####.# #.#
#....#.# #.#
####...###.#
###..##.######
#...#......#
##..#......#
#..#......#
##...###
#†#.@.#
#.#S#+###
#.#g....#
#.#.....#
#.#.....#
#.#...?.#
#.#.....#
#.#.....#
#.#.##..#


You could see an adder and a hobgoblin.

Vanquished Creatures
  A dart slug (D:1)
  6 bats
  3 endoplasms
  2 giant cockroaches
  2 hobgoblins
  A kobold (D:1)
  A quokka (D:1)
  2 frilled lizards
  2 goblins
  2 rats (D:1)
22 creatures vanquished.

Notes
Turn   | Place    | Note
-------+----------+-------------------------------------------
     0 | D:1      | cforsyth the Gnoll Artificer began the quest for the Orb.
     0 | D:1      | Reached XP level 1. HP: 17/17 MP: 1/1
   147 | D:1      | Reached XP level 2. HP: 18/23 MP: 2/2
   572 | D:1      | You fall into a shaft and drop 1 floor!
   686 | D:2      | Reached XP level 3. HP: 28/28 MP: 3/3
   832 | D:2      | HP: 1/28 [poisoned by an adder]
   834 | D:2      | Succumbed to an adder's poison

Illustrated notes

Levels and vault maps discovered:
D:1:      sevenhm_arrival_forest_fort_large_2, layout_basic, st_stairs_8,
          minmay_cupped
D:2:      layout_basic, serial_shops, nicolae_shop_real_fake_doors, uniq_robin

Action                     || total
---------------------------++-------
  Melee: Club              ||   130
         Bite              ||    14
         Punch             ||     1
    Use: Scroll            ||     2
         Potion            ||     2
 Armour: Leather armour    ||    52
  Dodge: Dodged            ||   132

Table legend: (Time is in decaauts)
 A = Elapsed time spent in this place.
 B = Non-inter-level travel time spent in this place.
 C = Inter-level travel time spent in this place.
 D = Time resting spent in this place.
 E = Time spent auto-exploring this place.
 F = Levels seen in this place.
 G = Mean time per level.
                   A        B        C        D        E       F      G
               +--------+--------+--------+--------+--------+-----+--------+
         Total |    869 |    869 |      0 |      0 |    581 |   2 |  434.5 |
       Dungeon |    869 |    869 |      0 |      0 |    581 |   2 |  434.5 |
               +--------+--------+--------+--------+--------+-----+--------+

Top non-repeatable levels by time:
     D:1: 588 daAuts
     D:2: 281 daAuts
